 Dungeon Crawl Stone Soup version 0.22.0-49-gab54619674 (webtiles) character file.

267 TomHero the Charlatan (level 6, -3/44 HPs)
             Began as a Human Artificer on Sept 3, 2018.
             Slain by a water moccasin (8 damage)
             ... on level 3 of the Dungeon.
             The game lasted 00:31:47 (2413 turns).

TomHero the Charlatan (Human Artificer)             Turns: 2413, Time: 00:31:48

Health: -3/44      AC:  2    Str: 14    XL:     6   Next: 45%
Magic:  9/9        EV: 13    Int: 12    God:
Gold:   92         SH:  0    Dex: 13    Spells: 4/5 levels left

rFire    . . .     SeeInvis .   p - +0 club (curse)
rCold    . . .     Gourm    .   (no shield)
rNeg     . . .     Faith    .   h - +0 robe (curse)
rPois    .         Spirit   .   (no helmet)
rElec    .         Reflect  .   (no cloak)
rCorr    .         Harm     .   (no gloves)
MR       .....                  (no boots)
Stlth    ++........             (no amulet)
HPRegen  0.14/turn              (no ring)
MPRegen  0.11/turn              (no ring)

@: lethally poisoned (-3 -> -12), about to teleport, hasted, very quick
A: no striking features
a: no special abilities


You were on level 3 of the Dungeon.
You were not hungry.

You visited 1 branch of the dungeon, and saw 3 of its levels.

You collected 92 gold pieces.

Inventory:

Hand Weapons
 a - a +0 short sword
 c - a +0 dagger
 j - a +0 whip
 m - a +0 dagger
 n - a +0 club
 o - a +2 dagger of venom
 p - a cursed +0 club (weapon)
 r - a +0 spear
 s - a +0 dagger
 t - a cursed -1 club
 v - a +0 club
 w - a +0 dagger
 x - a +0 club
 y - a +0 dagger
 z - a +0 club
 A - a +0 club
 D - a +0 long sword
 E - a +0 hunting sling
 F - a +0 club
 G - a +0 club
 J - a +0 club
 K - a +0 scythe
 M - a +0 dagger
 O - a +0 club
 P - a +0 hunting sling
 Q - a cursed -3 short sword
 R - a +0 short sword
 S - a +0 mace
 T - a +0 dagger
 U - a +0 dagger
Missiles
 g - 48 stones (quivered)
 k - 14 poisoned needles
 l - 46 bolts
 C - 15 sling bullets
Armour
 b - a +0 leather armour
 h - a cursed +0 robe (worn)
 i - a +0 plate armour
 q - a +0 leather armour
 B - a +0 ring mail
 I - a +0 leather armour
 L - a +2 robe of magic resistance
Wands
 d - a wand of enslavement (8)
 e - a wand of random effects (1)
Scrolls
 u - 3 scrolls of identify
Comestibles
 f - 6 rations
 W - 2 chunks of flesh


   Skills:
 + Level 1.8 Fighting
 + Level 2.2 Short Blades
 + Level 1.6(1.8) Slings
 + Level 0.7(1.3) Throwing
 + Level 2.5 Armour
 + Level 2.8 Dodging
 + Level 1.9 Stealth
 + Level 4.1 Evocations


You had 4 spell levels left.
You knew the following spells:

 Your Spells              Type           Power        Failure   Level  Hunger
a - Summon Small Mammal   Summ           #...         32%         1    ##.....

Your spell library contained the following spells:

 Spells                   Type           Power        Failure   Level  Hunger
 Animate Skeleton         Necr           N/A          32%         1    ##.....
 Apportation              Tloc           #.....       32%         1    ##.....
 Confusing Touch          Hex            #.....       32%         1    ##.....
 Confuse                  Hex            #.......     69%         3    ####...
 Gell's Gravitas          Tloc           #.........   69%         3    ####...
 Petrify                  Tmut/Erth      #.......     97%         4    #####..
 Metabolic Englaciation   Hex/Ice        #.........   100%        5    ######.
 Yara's Violent Unravell  Hex/Tmut       #.........   100%        5    ######.


Dungeon Overview and Level Annotations

Branches:
Dungeon (3/15)

Altars:


Message History

You closely miss something.
Your bat completely misses something.
Something bites you. x2
You miss something.
Your bat disappears in a puff of smoke!
You start resting.
Something bites you.
You are poisoned.
Something poisons you!
You start resting.
You feel sick. Something bites you!
* * * LOW HITPOINT WARNING * * *
As you read the scroll of teleportation, it crumbles to dust.
You feel strangely unstable.
* * * LOW HITPOINT WARNING * * *
You feel sick. Something completely misses you.
Aiming: Random Effects
Press: ? - help, Shift-Dir - straight line Nothing appears to happen.
* * * LOW HITPOINT WARNING * * *
You feel sick. Something bites you!
You die...

######
#@...#
#....#
#....#
#รท...#
#....#
#....#
#....#
#....#
#(...#


There were no monsters in sight!

Vanquished Creatures
  Sigmund (D:2)
  3 adders (D:2)
  2 oozes
  2 worms
  A dart slug (D:2)
  A leopard gecko (D:1)
  An orc (D:3)
  7 giant cockroaches
  10 hobgoblins
  6 kobolds
  2 quokkas (D:2)
  7 bats
  4 frilled lizards
  10 goblins
  6 rats
63 creatures vanquished.

Vanquished Creatures (collateral kills)
  2 orcs (D:3)
  A kobold (D:3)
3 creatures vanquished.

Vanquished Creatures (others)
  2 orcs (D:3)
  A hobgoblin (D:3)
  A kobold (D:2)
4 creatures vanquished.

Grand Total: 70 creatures vanquished

Notes
Turn   | Place    | Note
-------+----------+-------------------------------------------
     0 | D:1      | TomHero the Human Artificer began the quest for the Orb.
     0 | D:1      | Reached XP level 1. HP: 15/15 MP: 3/3
   173 | D:1      | Reached XP level 2. HP: 10/21 MP: 4/4
   633 | D:2      | Reached XP level 3. HP: 25/26 MP: 5/5
  1456 | D:2      | Reached XP level 4. HP: 31/32 MP: 6/6
  1499 | D:2      | Reached skill level 1 in Armour
  1674 | D:2      | Noticed Sigmund
  1720 | D:2      | Killed Sigmund
  1720 | D:2      | Reached skill level 1 in Slings
  1720 | D:2      | Reached skill level 4 in Evocations
  1720 | D:2      | Reached XP level 5. HP: 31/38 MP: 6/8
  1720 | D:2      | Reached XP level 6. HP: 36/44 MP: 6/9
  2195 | D:3      | Learned a level 1 spell: Summon Small Mammal
  2337 | D:3      | Noticed a water moccasin
  2413 | D:3      | Slain by a water moccasin

Skill      XL: |  1  2  3  4 |
---------------+-------------+-----
Armour         | 2 |  2.5
Short Blades   | 2 |  2.2
Slings         | 1 |  1.6
Evocations     | 4 |  4.1
Fighting       | |  1.8
Throwing       | |  0.7
Dodging        | |  2.8
Stealth        | |  1.9

Action                   |  1- 3 |  4- 6 || total
-------------------------+-------+-------++-------
Melee: Short sword       |   108 |    13 ||   121
       Dagger            |       |    42 ||    42
       Club              |       |    42 ||    42
 Fire: Hunting sling     |       |    10 ||    10
Throw: Stone             |    38 |     9 ||    47
 Cast: Summon Small Mamm |       |     6 ||     6
Evoke: Wand              |    20 |    20 ||    40
  Use: Potion            |     1 |     3 ||     4
       Scroll            |       |     5 ||     5
  Eat: Chunk             |     2 |     3 ||     5
Armor: Leather armour    |    35 |    10 ||    45
       Robe              |       |     6 ||     6
Dodge: Dodged            |    85 |    74 ||   159
